 Dungeon Crawl Stone Soup version 0.31-a0-365-gcf821cafb2 (webtiles) character file.

Game seed: 9096616286579509635

28 NinjaNoafa the Stinger (level 3, -2/24 HPs)
             Began as a Human Wanderer on July 26, 2023.
             Succumbed to an adder's poison
             ... on level 2 of the Dungeon on July 27, 2023.
             The game lasted 00:05:23 (1197 turns).

NinjaNoafa the Stinger (Human Wanderer)             Turns: 1197, Time: 00:05:23

Health: -2/24      AC:  3    Str: 13    XL:     3   Next: 30%
Magic:  1/4        EV: 11    Int: 14    God:
Gold:   46         SH:  0    Dex: 11    Spells: 4/4 levels left

rFire   . . .        a - +0 whip
rCold   . . .        (no shield)
rNeg    . . .        c - +0 leather armour
rPois   .            (no helmet)
rElec   .            (no cloak)
rCorr   .            (no gloves)
SInv    +            (no boots)
Will    .....        j - amulet of guardian spirit
Stlth   ++           o - ring of see invisible
HPRegen 0.24/turn    m - ring of flight
MPRegen 0.09/turn

%: guardian spirit
@: lethally poisoned (-2 -> -13), flying
A: no striking features
a: no special abilities


You were on level 2 of the Dungeon.
You visited 1 branch of the dungeon, and saw 2 of its levels.

You collected 46 gold pieces.

Inventory:

Hand Weapons
 a - a +0 whip (weapon)
Armour
 c - a +0 leather armour (worn)
Jewellery
 j - an amulet of guardian spirit (around neck)
 m - a ring of flight (right hand)
 o - a ring of see invisible (left hand)
Wands
 d - a wand of polymorph (2) (quivered)
Scrolls
 e - a scroll of revelation {unknown}
 h - 4 scrolls of identify {unknown}
 l - a scroll of immolation {unknown}
 p - a scroll of fog {unknown}
Potions
 f - a potion of haste {unknown}
 g - a potion of invisibility {unknown}
 i - a potion of curing {unknown}
 k - a potion of attraction {unknown}
 n - 2 potions of brilliance {unknown}


   Skills:
 - Level 1.0 Dodging
 - Level 2.0 Stealth
 - Level 1.0 Spellcasting
 - Level 1.0 Ice Magic
 + Level 4.2 Poison Magic
 - Level 2.0 Evocations


You had 4 spell levels left.
You didn't know any spells.
Your spell library contained the following spells:

 Spells                   Type           Power      Damage    Failure   Level
 Sting                    Tmut/Pois      24%        1d4       14%         1
 Freeze                   Ice            12%        1d3       22%         1
 Poisonous Vapours        Pois/Air       12%        N/A       22%         2
 Ignite Poison            Fire/Tmut/Pois 4%         N/A       50%         3
 Frozen Ramparts          Ice            6%         1d1       54%         3


Dungeon Overview and Level Annotations

Branches:
Dungeon (2/15) Zot: 10784

Altars:


Message History

You are more poisoned.
The adder poisons you!
You regained 12 hp, and now have 20/24 hp.
You closely miss the adder.
You feel sick. The adder bites you.
You take 3 damage, and have 17/24 hp.
You closely miss the adder.
You feel sick. The adder bites you but does no damage.
You take 1 damage, and have 16/24 hp.
Okay, then.
Okay, then.
Okay, then.
You hit the adder.
You feel sick. The adder barely misses you. The adder closely misses you.
You take 2 damage, and have 14/24 hp.
You closely miss the adder.
You feel sick. The adder bites you.
* * * LOW HITPOINT WARNING * * *
You are more poisoned.
The adder poisons you!
You take 4 damage, and have 10/24 hp.
You now have 2/4 mp.
You barely miss the adder.
* * * LOW HITPOINT WARNING * * *
You feel very sick. The adder bites you.
* * * LOW HITPOINT WARNING * * *
The adder bites you.
* * * LOW HITPOINT WARNING * * *
You take 6 damage, and have 4/24 hp.
MASSIVE DAMAGE!!
You now have 1/4 mp.
Unknown command.
You completely miss the adder.
* * * LOW HITPOINT WARNING * * *
You feel sick. The adder barely misses you.
You closely miss the adder.
* * * LOW HITPOINT WARNING * * *
You feel sick. The adder bites you.
* * * LOW HITPOINT WARNING * * *
You are more poisoned.
The adder poisons you! The adder closely misses you.
You take 3 damage, and have 1/24 hp.
You closely miss the adder.
You die...

#. #+##...#
................
#.#####.##...#
...........##'##
#.....#.##...##........
#.#
#..#..#...............
#.#
#..<.........#........
#.##
#......#####.#..:..#
#... #.#..###
#.#.....####### ####
#.#..## #.#S#####.....#
#.....# #.#@#####.###.#
#...### #.........# #.#
####.## ###.####### #.#
.....# #.# #.# ######
#.# #.# ##########.#
#.###### #..........#
#...)... #.########.#
######## #######.# ###


You could see an adder.

Vanquished Creatures
  2 dart slugs (D:1)
  A ball python (D:2)
  6 bats (D:1)
  2 endoplasms
  2 giant cockroaches (D:1)
  2 goblins
  A hobgoblin (D:2)
  3 kobolds (D:1)
  A quokka (D:1)
  3 frilled lizards
23 creatures vanquished.

Notes
Turn   | Place    | Note
-------+----------+-------------------------------------------
     0 | D:1      | NinjaNoafa the Human Wanderer began the quest for the Orb.
     0 | D:1      | NinjaNoafa set off with the following items: a +0 club, a
                  | potion of heal wounds, a +0 leather armour, a wand of
                  | polymorph (4); and the following spells available to
                  | memorise: Sting, Freeze, Poisonous Vapours, Frozen
                  | Ramparts, Ignite Poison.
     0 | D:1      | Reached XP level 1. HP: 13/13 MP: 2/2
     4 | D:1      | Upgraded the game from 0.31-a0-360-gb3e1d13bf4 to
                  | 0.31-a0-365-gcf821cafb2
   111 | D:1      | Reached XP level 2. HP: 17/19 MP: 3/3
   655 | D:1      | Reached skill level 4 in Poison Magic
   655 | D:1      | Reached XP level 3. HP: 18/24 MP: 2/4
  1196 | D:2      | HP: 1/24 [adder (1)]
  1197 | D:2      | Succumbed to an adder's poison

Illustrated notes

Levels and vault maps discovered:
D:1:      giann_forest_graveyard, layout_basic
D:2:      layout_basic, hellmonk_ecumenical_altar_dog_temple

Skill      XL: |  1  2 |
---------------+-------+-----
Poison Magic   | 4 |  4.2
Dodging        | |  1.0
Stealth        | |  2.0
Spellcasting   | |  1.0
Ice Magic      | |  1.0
Evocations     | |  2.0

Action                     || total
---------------------------++-------
  Melee: Club              ||    39
         Whip              ||    91
         Punch             ||     1
  Evoke: Wand              ||     2
    Use: Potion            ||     1
 Armour: Leather armour    ||    57
  Dodge: Dodged            ||    97

Table legend: (Time is in decaauts)
 A = Elapsed time spent in this place.
 B = Non-inter-level travel time spent in this place.
 C = Inter-level travel time spent in this place.
 D = Time resting spent in this place.
 E = Time spent auto-exploring this place.
 F = Levels seen in this place.
 G = Mean time per level.
                   A        B        C        D        E       F      G
               +--------+--------+--------+--------+--------+-----+--------+
         Total |   1216 |   1212 |      4 |      0 |    686 |   2 |  608.0 |
       Dungeon |   1216 |   1212 |      4 |      0 |    686 |   2 |  608.0 |
               +--------+--------+--------+--------+--------+-----+--------+

Top non-repeatable levels by time:
     D:1: 734 daAuts
     D:2: 482 daAuts
